 Dungeon Crawl Stone Soup version 0.28-b1-1-g3c77fb2ed1 (webtiles) character file.

Game seed: 1480609718072939407

970 Minsecho the Vexing (level 8, -11/57 HPs)
             Began as a Barachi Enchanter on Jan 28, 2022.
             Killed from afar by a steam dragon (23 damage)
             ... with a ball of steam
             ... on level 4 of the Dungeon.
             The game lasted 00:17:30 (5661 turns).

Minsecho the Vexing (Barachi Enchanter)             Turns: 5661, Time: 00:17:31

Health: -11/57     AC:  3    Str: 12    XL:     8   Next: 16%
Magic:  9/14       EV: 17    Int: 16    God:
Gold:   119        SH:  0    Dex: 12    Spells: 5/15 levels left

rFire   . . .      SeeInvis .   h - +3 short sword of Fragile Peace {flame, Contam rElec rN++ Will+}
rCold   . . .      Faith    .   (no shield)
rNeg    + + .      Spirit   .   b - +1 robe
rPois   .          Reflect  .   (no helmet)
rElec   +          Harm     .   (no cloak)
rCorr   .          Rampage  .   (no gloves)
Will    +....                   (no boots)
Stlth   +++.......              (no amulet)
HPRegen 0.19/turn               g - +4 ring of evasion
MPRegen 0.14/turn               (no ring)

@: slow
A: amphibious, slowness 1, strong legs 1, +LOS
a: Hop


You were on level 4 of the Dungeon.
You visited 1 branch of the dungeon, and saw 4 of its levels.

You collected 119 gold pieces.

Inventory:

Hand Weapons
 a - a +1 dagger
 h - the +3 short sword of Fragile Peace (weapon) {flame, Contam rElec rN++ Will+}
   (You found it on level 3 of the Dungeon)

   It burns those it strikes, dealing additional fire damage.
   rElec:     It insulates you from electricity.
   rN:        It greatly protects you from negative energy.
   Contam:    It causes magical contamination when unequipped.
   Will:      It increases your willpower.
Armour
 b - a +1 robe (worn)
Jewellery
 g - a +4 ring of evasion (left hand)
Scrolls
 d - a scroll of immolation {unknown}
 e - 2 scrolls of enchant armour
 f - a scroll of teleportation
 i - a scroll of fog {unknown}
 j - 6 scrolls of identify {unknown}
Potions
 c - a potion of invisibility
 k - a potion of flight {unknown}


   Skills:
 + Level 2.9 Fighting
 + Level 4.6 Short Blades
 + Level 4.0 Dodging
 + Level 5.2 Stealth
 + Level 4.0 Spellcasting
 + Level 5.4 Hexes


You had 5 spell levels left.
You knew the following spells:

 Your Spells              Type           Power      Damage    Failure   Level
a - Confusing Touch       Hex            20%        N/A       5%          3
b - Blink                 Tloc           6%         N/A       26%         2
c - Ensorcelled Hibernat  Hex/Ice        22%        N/A       9%          2
d - Tukima's Dance        Hex            20%        N/A       5%          3

Your spell library contained the following spells:

 Spells                   Type           Power      Damage    Failure   Level
 Dazzling Flash           Conj/Hex       22%        N/A       17%         3
 Manifold Assault         Tloc           3%         N/A       99%         5
 Storm Form               Tmut/Air       1%         N/A       100%        7


Dungeon Overview and Level Annotations

Branches:
Dungeon (4/15)
 Temple: D:4-7

Altars:
Yredelemnul


Innate Abilities, Weirdness & Mutations

You are amphibious.
You cover ground slowly.
You can hop short distances.
You have an extended range of vision and can be seen from far away.


Message History

Aim: a steam dragon (chance to confuse on hit: 52%, chance to affect: 45%)
The steam dragon looks drowsy...
Found a +0 dagger.
Your magical contamination has completely faded away.
The helpless steam dragon fails to defend itself.
You hit the steam dragon but do no damage.
The steam dragon misses you. The steam dragon barely misses you.
You hit the steam dragon but do no damage.
The steam dragon breathes steam at you. The ball of steam hits you.
The steam dragon misses you. The steam dragon closely misses you.
Your hands stop glowing.
The steam dragon closely misses you. The steam dragon claws you.
The steam dragon bites you. The steam dragon barely misses you.
You hit the steam dragon. You burn the steam dragon.
The steam dragon is moderately wounded.
The steam dragon barely misses you. x2; The steam dragon bites you!
The steam dragon claws you.
You hit the steam dragon. You burn the steam dragon.
The steam dragon is heavily wounded.
The steam dragon misses you. The steam dragon closely misses you.
You hit the steam dragon. You burn the steam dragon.
The steam dragon is almost dead.
You hit the steam dragon but do no damage.
The steam dragon is almost dead.
The steam dragon misses you. The steam dragon barely misses you.
You hit the steam dragon but do no damage.
The steam dragon is almost dead.
The steam dragon breathes steam at you. The ball of steam misses you.
The steam dragon closely misses you. The steam dragon claws you.
You hit the steam dragon. You burn the steam dragon.
The steam dragon is almost dead.
You are engulfed in a cloud of scalding steam.
* * * LOW HITPOINT WARNING * * *
The steam dragon misses you. The steam dragon claws you.
* * * LOW HITPOINT WARNING * * *
The steam dragon breathes steam at you. The ball of steam hits you!!
You die...

#.....#.#.#.#.##......
.......#.#.#.#.#..)..
#.[...#.#.#.#.##....
)......#.#.#.#.#....
#.#.#.#.#.#.#.###...
.#.#.#.#.#.#....#'######
#.#.....#.#.#..........#
.#.#.....#.#'..§.D.^...#
#.#.....#.#.#..§@§.....#
.#.#.....#.#§§.........#
#.#+....#.#§#.§........######
.#.#.....#[#>.......†.......#
#.#.#.#.#.#.#...)...........#
#.#.#.#.#.#.#.#............#
#.#<#.#.#.#.#.##............#
.#.#.#.#.#.#.#.#............#
#.#.#.#.#.#.#.##.......######


You could see a steam dragon (catching breath).

Vanquished Creatures
  Grinder (D:3)
  Sigmund (D:3)
  A black bear (D:4)
  A necrophage (D:4)
  A phantom (D:4)
  A bullfrog (D:4)
  2 orc priests (D:4)
  An orc wizard (D:4)
  Terence (D:3)
  Natasha (thrice) (D:2)
  3 adders
  An ufetubus (D:4)
  An adder skeleton (D:4)
  5 worms
  3 dart slugs
  10 orcs
  5 ball pythons
  4 bats
  5 endoplasms
  3 giant cockroaches
  4 goblins
  4 hobgoblins
  10 jackals (D:1)
  4 quokkas
  5 frilled lizards
  5 kobolds
  A rat (D:3)
86 creatures vanquished.

Vanquished Creatures (others)
  An endoplasm (D:4)
1 creature vanquished.

Grand Total: 87 creatures vanquished

Notes
Turn   | Place    | Note
-------+----------+-------------------------------------------
     0 | D:1      | Minsecho the Barachi Enchanter began the quest for the Orb.
     0 | D:1      | Reached XP level 1. HP: 13/13 MP: 3/3
   174 | D:1      | Reached XP level 2. HP: 19/19 MP: 5/5
   800 | D:1      | Reached XP level 3. HP: 23/25 MP: 6/6
   931 | D:1      | Reached skill level 1 in Fighting
  1207 | D:1      | Learned a level 3 spell: Confusing Touch
  1513 | D:1      | Found a faded altar of an unknown god.
  1670 | D:2      | Reached XP level 4. HP: 31/32 MP: 7/7
  1772 | D:2      | Noticed Natasha
  1787 | D:2      | Killed Natasha
  2002 | D:2      | Noticed Natasha
  2274 | D:2      | Killed Natasha
  2275 | D:2      | Reached XP level 5. HP: 9/37 MP: 3/8
  2527 | D:2      | Noticed Natasha
  2856 | D:2      | Found a basalt altar of Yredelemnul.
  3151 | D:2      | Killed Natasha
  3427 | D:3      | Noticed Sigmund
  3485 | D:3      | Identified the +3 short sword of Fragile Peace {flame,
                  | Contam rElec rN++ Will+}
  3526 | D:3      | Learned a level 2 spell: Blink
  3529 | D:3      | Learned a level 2 spell: Ensorcelled Hibernation
  3566 | D:3      | Noticed Grinder
  3575 | D:3      | Killed Grinder
  3576 | D:3      | Reached XP level 6. HP: 36/44 MP: 3/10
  3670 | D:3      | Noticed Terence
  3681 | D:3      | Killed Terence
  3897 | D:3      | Killed Sigmund
  3898 | D:3      | Reached XP level 7. HP: 41/50 MP: 9/12
  4739 | D:4      | Reached skill level 5 in Hexes
  4754 | D:4      | HP: 1/51 [orc priest/divine providence (12)]
  5111 | D:4      | Reached skill level 5 in Stealth
  5169 | D:4      | Noticed a steam dragon
  5463 | D:4      | Reached XP level 8. HP: 55/57 MP: 13/13
  5486 | D:4      | Learned a level 3 spell: Tukima's Dance
  5661 | D:4      | Killed from afar by a steam dragon

Illustrated notes

Levels and vault maps discovered:
D:1:      dpeg_arrival_pits, layout_rooms, shapermc_ecumenical_altar_ellora
D:2:      layout_basic, basic_altar, kennysheep_another_room, uniq_natasha
D:3:      layout_loops_ring, uniq_terence, uniq_grinder, uniq_sigmund
D:4:      layout_basic, lemuel_round_altar

Skill      XL: |  1  2  3  4  5  6  7  8 |
---------------+-------------------------+-----
Fighting       | 1 2 |  2.9
Stealth        | 3 4 5 |  5.2
Short Blades   | 2 3 4 |  4.6
Hexes          | 4 5 |  5.4
Dodging        | 3 4 |  4.0
Spellcasting   | 3 4 |  4.0

Action                   |  1- 3 |  4- 6 |  7- 9 || total
-------------------------+-------+-------+-------++-------
Melee: Dagger            |   179 |   115 |       ||   294
       Punch             |     3 |     1 |     1 ||     5
       Short sword       |       |    42 |   108 ||   150
 Cast: Confusing Touch   |       |    13 |    13 ||    26
       Ensorcelled Hiber |       |       |     1 ||     1
  Use: Scroll            |       |     2 |     2 ||     4
       Potion            |       |     1 |     2 ||     3
 Stab: Sleeping          |     5 |     5 |     1 ||    11
       Confused          |       |     7 |     5 ||    12
       Distracted        |       |     1 |       ||     1
       Invisible         |       |       |     2 ||     2
Armor: Robe              |    21 |     6 |     8 ||    35
Dodge: Dodged            |   132 |    77 |    87 ||   296
